 Dungeon Crawl Stone Soup version 0.27.1-33-g824d729ab1 (webtiles) character file.

Game seed: 7787184084630974691

2917 Destapler the Skirmisher (level 9, -1/81 HPs)
             Began as a Demonspawn Fighter on Dec 6, 2021.
             Was a Follower of Uskayaw.
             Slain by Erica (7 damage)
             ... on level 8 of the Dungeon.
             The game lasted 00:17:48 (8461 turns).

Destapler the Skirmisher (Demonspawn Fighter)       Turns: 8461, Time: 00:17:48

Health: -1/81      AC: 15    Str: 20    XL:     9   Next: 50%
Magic:  9/9        EV:  9    Int:  7    God:    Uskayaw [*.....]
Gold:   394        SH:  0    Dex: 13    Spells: 8/8 levels left

rFire    + . .     SeeInvis .   m - +6 scimitar
rCold    + . .     Faith    +   c - +0 kite shield
rNeg     . . .     Spirit   .   w - +3 acid dragon scales
rPois    .         Reflect  .   (helmet restricted)
rElec    .         Harm     .   C - +2 cloak
rCorr    +         Rampage  .   (no gloves)
Will     .....                  (no boots)
Stlth    ..........             h - amulet of faith
HPRegen  0.23/turn              f - ring of protection from fire
MPRegen  0.22/turn              y - ring of protection from cold

@: confused, mighty
A: horns 2, rugged brown scales 1, magic regeneration, talons 1, dopey 1, robust
1
a: Renounce Religion, Stomp


You were on level 8 of the Dungeon.
You worshipped Uskayaw.
Uskayaw was noncommittal.
You visited 1 branch of the dungeon, and saw 8 of its levels.

You collected 394 gold pieces.

Inventory:

Hand Weapons
 a - a +3 long sword
 d - a +4 scimitar
 m - a +6 scimitar (weapon)
 n - the +13 scythe of Curses {drain, Drain}
   (You found it on level 7 of the Dungeon)

   A truly terrible weapon, it drains the life of any living foe it strikes.
   It inflicts powerful necromantic curses on any living foe it strikes.
   Drain:     It drains your maximum health when unequipped.
Missiles
 i - 40 poisoned darts (quivered)
 l - 2 throwing nets
 q - 5 boomerangs
Armour
 b - a +0 scale mail
 c - a +0 kite shield (worn)
 v - a +0 ring mail of poison resistance
 w - +3 acid dragon scales (worn)
 C - a +2 cloak (worn)
Jewellery
 f - a ring of protection from fire (left hand)
 h - an amulet of faith (around neck)
 k - an amulet of magic regeneration
 y - a ring of protection from cold (right hand)
Wands
 s - a wand of mindburst (13)
 B - a wand of flame (14)
Scrolls
 j - 6 scrolls of teleportation
 o - a scroll of magic mapping
 u - a scroll of amnesia
 x - 3 scrolls of identify
Potions
 e - a potion of mutation
 g - 2 potions of curing
 p - 2 potions of lignification {unknown}
 r - a potion of invisibility {unknown}
 z - a potion of flight
 A - a potion of berserk rage {unknown}


   Skills:
 + Level 7.3 Fighting
 + Level 6.3 Long Blades
 + Level 6.6 Armour
 + Level 6.6 Shields


You had 8 spell levels left.
You didn't know any spells.
Your spell library contained the following spells:

 Spells                   Type           Power      Damage    Failure   Level
 Animate Skeleton         Necr           0%         N/A       86%         1
 Apportation              Tloc           0%         N/A       86%         1
 Corona                   Hex            0%         N/A       86%         1
 Summon Small Mammal      Summ           0%         N/A       86%         1
 Slow                     Hex            0%         N/A       95%         2
 Confusing Touch          Hex            0%         N/A       99%         3
 Inner Flame              Hex/Fire       0%         N/A       99%         3
 Ozocubu's Armour         Ice            0%         N/A       99%         3
 Cause Fear               Hex            0%         N/A       100%        4
 Hailstorm                Conj/Ice       0%         3d3       100%        4
 Sticky Flame             Conj/Fire      0%         2d3       100%        4
 Alistair's Intoxication  Tmut/Pois      0%         N/A       100%        5
 Yara's Violent Unravell  Hex/Tmut       0%         3d3       100%        5
 Invisibility             Hex            0%         N/A       100%        6
 Orb of Destruction       Conj           0%         N/A       100%        7
 Ozocubu's Refrigeration  Ice            0%         4d5       100%        7
 Borgnjor's Revivificati  Necr           0%         N/A       100%        8
 Discord                  Hex            0%         N/A       100%        8
 Necromutation            Tmut/Necr      0%         N/A       100%        8
 Death's Door             Necr           0%         N/A       100%        9


Dungeon Overview and Level Annotations

Branches:
Dungeon (8/15)             Temple (0/1) D:4
   Lair: D:8-11

Altars:
Sif Muna
Trog
Uskayaw
Vehumet
Xom
The Shining One

Shops:
D:3 (   D:7 !

Annotations:
D:8 Erica


Innate Abilities, Weirdness & Mutations

You have a pair of horns on your head.
You are partially covered in rugged brown scales. (AC +1, +3% HP)
You regenerate magic rapidly.
You have sharp toenails.
You are dopey. (Int -2)
You are robust. (+10% HP)


Message History

* * * LOW HITPOINT WARNING * * *
You bump into the rock wall.
You feel sick.
An orc comes into view. It is wielding a +0 flail.
Erica hits you with a +3 scimitar of flaming.
* * * LOW HITPOINT WARNING * * *
You feel sick.
The orc wizard casts a spell.
The orc wizard flickers and vanishes!
Deactivating autopickup; reactivate with Ctrl-A.
You can no longer pass through a line of other dancers.
You feel sick.
You bump into the rock wall.
You feel less confused.
You feel sick. Erica gestures at you while chanting.
The lance of force hits you!
* * * LOW HITPOINT WARNING * * *
You are knocked back by the lance of force.
You feel better.
You feel very mighty all of a sudden.
The orc priest begins to cast a cantrip, but forgets the words!
You closely miss Erica. You claw Erica!
Erica is heavily wounded.
Erica hits you with a +3 scimitar of flaming!
* * * LOW HITPOINT WARNING * * *
Erica burns you.
* * * LOW HITPOINT WARNING * * *
You closely miss Erica.
Erica is heavily wounded.
You block Erica's attack.
You hear some strange, mumbled words.
You are confused.
Erica says, "I love to fight, but killing is better."
Erica hits you with a +3 scimitar of flaming!
* * * LOW HITPOINT WARNING * * *
Erica hits you but does no damage.
You slice Erica!! Your kick misses Erica. You headbutt Erica.
Erica is almost dead.
Erica hits you with a +3 scimitar of flaming!
You die...

. ..o.#############
.....o{..........
....#####.###### #
####.#
########....#######
..........{oo......
########.##@#####.
#...@# ####.# #.#
#.### #######.#.#
........#.#
#######...#
########.#.#
.........#.#


You could see Erica (resistant), an orc priest and an orc.

Vanquished Creatures
  Sigmund (D:4)
  2 wyverns
  An acid dragon (D:6)
  A water moccasin (D:5)
  The ghost of Descartes the Sneak, an amateur SpWn (D:3)
  An ice beast (D:6)
  3 sky beasts
  2 black bears
  3 ogres
  A centaur (D:7)
  A gnoll sergeant (D:4)
  A wyvern zombie (D:7)
  A wyvern skeleton (D:5)
  7 wights (D:7)
  3 howler monkeys
  2 hounds
  2 jellies
  2 centaur skeletons (D:7)
  A gnoll shaman (D:5)
  Crazy Yiuf (D:6)
  4 iguanas
  An orc wizard (D:7)
  A hound skeleton (D:4)
  A howler monkey zombie (D:6)
  Robin (D:4)
  7 gnolls
  7 adders
  A white imp (D:6)
  2 ufetubi (D:4)
  2 adder skeletons (D:4)
  A worm (D:3)
  2 dart slugs
  9 orcs
  3 bats (D:3)
  12 endoplasms
  3 giant cockroaches
  12 goblins
  13 hobgoblins
  8 jackals
  4 kobolds
  6 quokkas
  12 ball pythons
  3 frilled lizards
  8 rats
160 creatures vanquished.

Vanquished Creatures (others)
  2 fungi (D:2)
  3 plants
5 creatures vanquished.

Grand Total: 165 creatures vanquished

Notes
Turn   | Place    | Note
-------+----------+-------------------------------------------
     0 | D:1      | Destapler the Demonspawn Fighter began the quest for the
                  | Orb.
     0 | D:1      | Reached XP level 1. HP: 18/18 MP: 1/1
   257 | D:1      | Gained mutation: You regenerate magic rapidly. [demonic
                  | ancestry]
   257 | D:1      | Reached XP level 2. HP: 17/24 MP: 2/2
  1072 | D:1      | Reached XP level 3. HP: 29/29 MP: 3/3
  1467 | D:2      | Found a faded altar of an unknown god.
  1478 | D:2      | Gained mutation: You have a pair of small horns on your
                  | head. [demonic ancestry]
  1478 | D:2      | Reached XP level 4. HP: 36/36 MP: 4/4
  2114 | D:3      | Found a transporter.
  2177 | D:3      | Noticed Descartes's ghost (amateur SpWn)
  2178 | D:3      | Found a transporter.
  2489 | D:3      | Found Myixiaf's Weapon Emporium.
  2540 | D:3      | Found a shimmering altar of Xom.
  2540 | D:3      | Found a radiant altar of Vehumet.
  2593 | D:2      | Became a worshipper of Uskayaw the Reveller
  2593 | D:2      | Reached * piety under Uskayaw
  2643 | D:3      | Gained mutation: You are dopey. (Int -2) [potion of
                  | mutation]
  2643 | D:3      | Gained mutation: You have sharp toenails. [potion of
                  | mutation]
  2643 | D:3      | Gained mutation: You are robust. (+10% HP) [potion of
                  | mutation]
  2654 | D:3      | Reached ** piety under Uskayaw
  2669 | D:3      | Killed Descartes's ghost
  2669 | D:3      | Reached *** piety under Uskayaw
  2670 | D:3      | Reached skill level 4 in Fighting
  2670 | D:3      | Gained mutation: You have a pair of horns on your head.
                  | [demonic ancestry]
  2670 | D:3      | Reached XP level 5. HP: 27/46 MP: 5/5
  2843 | D:4      | Noticed Robin
  2866 | D:4      | Killed Robin
  3277 | D:4      | Noticed Sigmund
  3287 | D:4      | Killed Sigmund
  3288 | D:4      | Reached XP level 6. HP: 32/53 MP: 6/6
  3437 | D:4      | Found a staircase to the Ecumenical Temple.
  3461 | D:4      | Got the Incunabulum of Arcane Weapons
  3524 | D:4      | Gained mutation: You are partially covered in rugged brown
                  | scales. (AC +1, +3% HP) [demonic ancestry]
  3524 | D:4      | Reached XP level 7. HP: 17/62 MP: 7/7
  3868 | D:4      | Reached skill level 5 in Fighting
  4654 | D:5      | Entered Level 5 of the Dungeon
  4774 | D:4      | Reached skill level 5 in Shields
  4774 | D:4      | Reached XP level 8. HP: 23/71 MP: 4/8
  4778 | D:4      | Reached skill level 5 in Armour
  5887 | D:5      | Reached skill level 6 in Fighting
  5887 | D:5      | Reached skill level 5 in Long Blades
  6070 | D:5      | Found a bloodstained altar of Trog.
  6269 | D:6      | Found a runed translucent door.
  6270 | D:6      | Noticed Crazy Yiuf
  6281 | D:6      | Killed Crazy Yiuf
  6767 | D:6      | Found a shimmering blue altar of Sif Muna.
  7360 | D:7      | Reached XP level 9. HP: 80/80 MP: 9/9
  7381 | D:7      | Reached **** piety under Uskayaw
  7605 | D:7      | Found the +13 scythe of Curses {drain, Drain}
  7766 | D:7      | Reached skill level 7 in Fighting
  7997 | D:7      | Found Hozioz's Distillery.
  8440 | D:8      | Noticed Erica
  8461 | D:8      | Slain by Erica

Illustrated notes

Levels and vault maps discovered:
D:1:      minmay_arrival_semitransparent, layout_loops_ring, nrook_loot_triangle
D:2:      layout_rooms, shapermc_ecumenical_altar_mp_ritualfount
D:3:      layout_rooms, gammafunk_temple_overflow_statue, serial_shops, shop,
          gammafunk_ghost_arena
D:4:      minmay_razor_zed, layout_cave_pods, minmay_temple_entry_offerings,
          kennysheep_doodads, uniq_robin, uniq_sigmund
D:5:      layout_loops_ring, mainiacjoe_overflow_boulevard,
          nicolae_tso_swordbearing_angel
D:6:      layout_loops_ring, lemuel_tele_altar, hangedman_glass_teeth,
          uniq_crazy_yiuf_cottage
D:7:      layout_basic, serial_rivers, chequers_serial_rivers_marsh,
          chequers_serial_rivers_room_b, chequers_serial_rivers_room_a,
          chequers_serial_rivers_room_a, chequers_serial_rivers_small_3,
          chequers_serial_rivers_micro_c, serial_shops, shop,
          chequers_serial_rivers_micro_d
D:8:      minmay_angry_zag, layout_basic, okawaru_humans, uniq_erica,
          uniq_pikel, uniq_joseph

Skill      XL: |  1  2  3  4  5  6  7  8  9 |
---------------+----------------------------+-----
Long Blades    | 2 3 4 5 6 |  6.3
Shields        | 3 4 5 6 |  6.6
Armour         | 3 4 6 |  6.6
Fighting       | 4 5 6 7 |  7.3

Action                   |  1- 3 |  4- 6 |  7- 9 || total
-------------------------+-------+-------+-------++-------
Melee: Long sword        |    95 |   132 |   211 ||   438
       Headbutt          |       |    19 |    49 ||    68
       Kick              |       |    18 |    83 ||   101
       Scimitar          |       |       |    62 ||    62
Throw: Dart              |       |     4 |     5 ||     9
Invok: Stomp             |       |     1 |     4 ||     5
       Line Pass         |       |     1 |     1 ||     2
  Use: Scroll            |       |     5 |    13 ||    18
       Potion            |       |     4 |     2 ||     6
 Stab: Paralysed         |       |       |     7 ||     7
Armor: Scale mail        |    49 |    99 |   117 ||   265
       Acid dragon scale |       |       |    36 ||    36
Dodge: Dodged            |    36 |    59 |    77 ||   172
Block: Kite shield       |    53 |    98 |   162 ||   313
       Rpst.: Long sword |    15 |    15 |    12 ||    42
       Scimitar          |       |       |     2 ||     2
